 Dungeon Crawl Stone Soup version 0.27.1-2-g3b301248ec (webtiles) character file.

Game seed: 9628991548374264552

115592 rogsnak the Archer (level 16, 0/199 HPs)
             Began as a Gnoll Hedge Wizard on Oct 1, 2021.
             Was the Champion of Okawaru.
             Slain by Arachne (8 damage)
             ... on level 3 of the Spider Nest on Oct 2, 2021.
             The game lasted 02:07:17 (43925 turns).

rogsnak the Archer (Gnoll Hedge Wizard)            Turns: 43925, Time: 02:07:18

Health: 0/199      AC: 26    Str: 16    XL:     16   Next: 69%
Magic:  22/32      EV: 15    Int: 25    God:    Okawaru [******]
Gold:   2398       SH:  0    Dex: 11    Spells: 25/40 levels left

rFire    . . .     SeeInvis +   L - +8 lajatang of Breach {elec, rC+ Str+3}
rCold    + . .     Faith    +   (shield currently unavailable)
rNeg     . . .     Spirit   .   e - quicksilver dragon scales
rPois    +         Reflect  .   c - +1 helmet {SInv}
rElec    .         Harm     .   V - +1 cloak
rCorr    .         Rampage  .   H - +2 pair of gloves {Str+3}
Will     ++...                  x - +1 pair of boots
Stlth    ..........             W - amulet of faith
HPRegen  0.43/turn              u - ring of poison resistance
MPRegen  0.23/turn              D - +6 ring of intelligence

@: berserking, studying 3 skills, very quick
A: fangs 1, strong nose, distributed training, iridescent scales 1, dopey 1
a: Renounce Religion, Heroism, Finesse


You were on level 3 of the Spider Nest.
You worshipped Okawaru.
Okawaru was exalted by your worship.
You visited 5 branches of the dungeon, and saw 26 of its levels.
You also visited: Bailey and Ice Cave.

You collected 2862 gold pieces.
You spent 464 gold pieces at shops.

Inventory:

Hand Weapons
 g - a +3 dagger of electrocution
 L - the +8 lajatang of Breach (weapon) {elec, rC+ Str+3}
   (You found it on level 3 of the Lair of Beasts)

   It occasionally discharges a powerful burst of electricity upon striking a
   foe.
   Str:       It affects your strength (+3).
   rC:        It protects you from cold.
 N - the +8 hand crossbow "Vuoth" {penet, rC++ rN+ Will+ Int-5}
   (You bought it in a shop on level 6 of the Dungeon)

   Any ammunition fired by it passes through the targets it hits, potentially
   hitting all targets in its path until it reaches maximum range.
   Int:       It affects your intelligence (-5).
   rC:        It greatly protects you from cold.
   rN:        It protects you from negative energy.
   Will:      It increases your willpower.
 R - the +8 great mace "Modd" {freeze, rElec rF++ Will+}
   (You found it on level 11 of the Dungeon)

   It freezes those it strikes, dealing additional cold damage.
   It can also slow down cold-blooded creatures.
   rF:        It greatly protects you from fire.
   rElec:     It insulates you from electricity.
   Will:      It increases your willpower.
 Z - the +11 arbalest "Xuopsed" {vorpal, rF+ Will+ MP+9 Dex+4}
   (Okawaru gifted it to you on level 9 of the Dungeon)

   Any ammunition fired from it inflicts extra damage upon your enemies.
   Dex:       It affects your dexterity (+4).
   rF:        It protects you from fire.
   MP:        It affects your magic capacity (+9).
   Will:      It increases your willpower.
Missiles
 o - 274 arrows
 r - 116 bolts
 y - 12 atropa-tipped darts (quivered)
 B - 6 curare-tipped darts
Armour
 c - a +1 helmet of see invisible (worn)
 e - quicksilver dragon scales (worn)
 f - a +1 kite shield of cold resistance
 x - a +1 pair of boots (worn)
 E - a +3 leather armour of fire resistance
 H - a +2 pair of gloves of strength (worn)
 V - a +1 cloak (worn)
Jewellery
 l - a ring of ice
 m - the amulet of Zelytz {Reflect Int+5 SH+5 Stlth+}
   (You acquired it on level 1 of the Spider Nest)

   [amulet of reflection]

   It reflects blocked missile attacks.
   Int:       It affects your intelligence (+5).
   SH:        It affects your SH (+5).
   Stlth:     It makes you more stealthy.
 s - a +4 ring of slaying
 u - a ring of poison resistance (left hand)
 v - a ring of see invisible
 D - a +6 ring of intelligence (right hand)
 M - a ring of protection from fire
 W - an amulet of faith (around neck)
Wands
 C - a wand of iceblast (30)
 F - a wand of paralysis (11)
 J - a wand of polymorph (16)
 S - a wand of flame (34)
 X - a wand of mindburst (34)
Scrolls
 b - a scroll of blinking
 h - 5 scrolls of immolation
 i - 2 scrolls of magic mapping
 j - a scroll of silence
 k - 13 scrolls of teleportation
 n - a scroll of summoning
 G - 2 scrolls of fear
 O - 5 scrolls of enchant armour
 Y - 2 scrolls of enchant weapon
Potions
 d - a potion of berserk rage
 p - 3 potions of brilliance
 q - 2 potions of magic
 t - 2 potions of haste
 w - 3 potions of might
 z - 6 potions of curing
 A - 3 potions of heal wounds
 I - a potion of cancellation
 K - a potion of resistance
 P - 8 potions of ambrosia
 Q - a potion of invisibility
 T - 6 potions of flight
Miscellaneous
 a - a box of beasts
 U - a phantom mirror


   Skills:
 + Level 14.1 Fighting
 + Level 11.0 Short Blades
 + Level 11.0 Long Blades
 + Level 11.0 Axes
 + Level 11.0 Maces & Flails
 + Level 11.0 Polearms
 + Level 11.0 Staves
 + Level 11.0 Slings
 + Level 14.7 Bows
 + Level 11.0 Crossbows
 + Level 11.0 Throwing
 + Level 11.0 Armour
 + Level 11.8 Dodging
 + Level 11.6 Stealth
 + Level 14.1 Shields
 + Level 11.0 Unarmed Combat
 + Level 12.8 Spellcasting
 + Level 9.6 Conjurations
 + Level 9.3 Hexes
 + Level 9.6 Summonings
 + Level 9.3 Necromancy
 + Level 9.6 Translocations
 + Level 9.3 Transmutations
 + Level 9.3 Fire Magic
 + Level 9.3 Ice Magic
 + Level 9.3 Air Magic
 + Level 9.3 Earth Magic
 + Level 9.3 Poison Magic
 + Level 11.8 Invocations
 + Level 11.0 Evocations


You had 25 spell levels left.
You knew the following spells:

 Your Spells              Type           Power      Damage    Failure   Level
a - Magic Dart            Conj           100%       1d8       1%          1
b - Blink                 Tloc           N/A        N/A       1%          2
c - Mephitic Cloud        Conj/Pois/Air  58%        N/A       1%          3
d - Cause Fear            Hex            29%        N/A       1%          4
e - Fireball              Conj/Fire      29%        3d13      3%          5

Your spell library contained the following spells:

 Spells                   Type           Power      Damage    Failure   Level
 Call Imp                 Summ           59%        N/A       1%          2
 Slow                     Hex            58%        N/A       1%          2
 Confusing Touch          Hex            58%        N/A       1%          3
 Conjure Flame            Conj/Fire      59%        6-21      1%          3
 Inner Flame              Hex/Fire       58%        N/A       1%          3
 Vampiric Draining        Necr           29%        2d10      1%          3
 Passage of Golubria      Tloc           N/A        N/A       1%          4
 Silence                  Hex/Air        29%        N/A       3%          5
 Summon Forest            Summ/Tloc      29%        N/A       3%          5
 Summon Mana Viper        Hex/Summ       59%        N/A       3%          5
 Yara's Violent Unravell  Hex/Tmut       29%        3d12      3%          5
 Shadow Creatures         Summ           N/A        N/A       19%         6
 Starburst                Conj/Fire      29%        6d9       19%         6
 Discord                  Hex            29%        N/A       100%        8
 Ignition                 Fire           29%        3d9       100%        8
 Lehudib's Crystal Spear  Conj/Erth      29%        10d8      100%        8


Dungeon Overview and Level Annotations

Branches:
Dungeon (14/15)            Temple (1/1) D:6            Lair (6/6) D:8
  Swamp (0/4) Lair:3       Spider (2/4) Lair:3        Slime (0/5) Lair:5
    Orc (2/2) D:12            Elf (0/3) Orc:2        Vaults (0/5) D:13
 Bailey (visited)           IceCv (visited)

Altars:
Ashenzari
Cheibriados
Dithmenos
Elyvilon
Fedhas
Gozag
Hepliaklqana
Kikubaaqudgha
Makhleb
Nemelex Xobeh
Okawaru
Qazlal
Sif Muna
Trog
Uskayaw
Vehumet
Xom
Yredelemnul
Zin
The Shining One
Beogh

Shops:
D:4 *   D:6 ((   Orc:1 =   Orc:2 :(*[

Annotations:
Lair:3 scrolls
Lair:4 2 transporters, Fiha's ghost, journeyman VSTm
Spider:2 Azrael
Spider:3 Arachne


Innate Abilities, Weirdness & Mutations

You have very sharp teeth.
Your uncanny sense of smell can sniff out nearby items.
Your experience applies equally to all skills.
You are partially covered in iridescent scales. (AC +2)
You are dopey. (Int -2)


Message History

Unknown command.
Casting: Magic Dart (safe; 1% risk of failure)
Confirm with . or Enter, or press ? or * to list all spells.
Aiming: Mephitic Cloud (safe; 1% risk of failure)
Press: ? - help, Shift-Dir - straight line, f - moth of wrath
Aim: a moth of wrath (noxious fumes, chance to affect: 58%)
The ball explodes into a vile cloud!
The stinking cloud engulfs the moth of wrath but does no damage.
You hear an angry hiss. x2
The moth of wrath is engulfed in noxious fumes.
Unknown command.
Unknown command.
You slice the moth of wrath!!
Lightning courses through the moth of wrath!!
The moth of wrath is severely wounded.
The moth of wrath is engulfed in noxious fumes.
The moth of wrath appears confused.
The moth of wrath bites you!
* * * LOW HITPOINT WARNING * * *
The moth of wrath infuriates you!
A red film seems to cover your vision as you go berserk!
You feel yourself moving faster!
You feel mighty!
Unknown command.
You slice the moth of wrath!!
You kill the moth of wrath!
Okawaru accepts your kill.
Unknown command.
You start resting.
Your surroundings suddenly seem different.
Arachne the Weaver comes into view.
She is wielding a staff of poison.
Arachne shouts!
You hear an angry buzzing noise.
You hear an angry hiss.
A jumping spider comes into view.
Your quicksilver dragon scales prevents you from hitting Arachne.
Arachne hits you but does no damage. Arachne envenoms you!
* * * LOW HITPOINT WARNING * * *
The jumping spider leaps!
Unknown command.
You hit Arachne. Lightning courses through Arachne!
Arachne is lightly wounded.
Arachne hits you with a staff of poison!
You die...

#^## ..^# #
.#^). ∆ # #.##
#. ∆ ## ### ##
#.. .## #^.
.#..#
###..#H#..##
#....@s....###
#...##..##..^#
#.y..
...#....# ...#
#^.#.#^.# ##
...# .##
#.#....
####○.## ^..
#.


You could see Arachne, a jumping spider and a meliai.

Vanquished Creatures
  Kirke (D:12)
  An orc warlord (Orc:2)
  2 ghost moths (Lair:3)
  3 entropy weavers
  A dire elephant (shapeshifter) (D:13)
  A white draconian (IceCv)
  Fannar (D:12)
  5 boulder beetles
  4 vault guards
  7 hydras
  2 centaur warriors (D:13)
  5 two-headed ogres
  3 catoblepae (Lair:6)
  Erolcha (D:13)
  A death knight (D:10)
  16 death yaks
  4 orc high priests
  Sonja (D:11)
  Nergalle (D:12)
  A skeletal warrior (D:14)
  3 orc knights (Orc:2)
  7 orb spiders
  An ugly thing (D:9)
  21 wolf spiders
  3 deep elf pyromancers (D:13)
  2 oklob plants (Lair:2)
  7 orc sorcerers (Orc:2)
  A will-o-the-wisp (Lair:3)
  2 manticores (Lair:6)
  A moth of wrath (Spider:3)
  6 centaur zombies
  7 black mambas
  2 ice statues (IceCv)
  4 elephants (Lair:5)
  2 gargoyles
  12 cane toads
  4 rime drakes (IceCv)
  A freezing wraith (D:14)
  3 demonic crawlers
  An efreet (D:13)
  7 komodo dragons
  A polar bear (Lair:2)
  5 trolls
  5 meliai
  16 jumping spiders
  3 hornets
  25 blink frogs
  8 slime creatures
  37 redbacks
  A meliai zombie (D:11)
  3 wraiths
  15 tarantellas
  4 wyverns
  2 basilisks
  50 yaks
  2 fire elementals (Spider:1)
  A hog (D:12)
  7 vampire mosquitoes
  4 wargs
  Duvessa (D:6)
  2 hell hounds (Spider:1)
  13 water moccasins
  36 orc warriors
  5 black bears
  3 ice beasts
  3 necrophages
  4 wolves
  12 centaurs
  8 ogres
  3 boggarts (D:13)
  2 phantoms
  2 kobold brigands
  14 bullfrogs
  2 wyvern zombies
  A gnoll sergeant (D:11)
  3 scorpions
  Dowan (D:6)
  2 water moccasin skeletons
  4 lindwurm simulacra (IceCv)
  11 killer bees
  19 wights
  4 howler monkeys
  3 electric eels
  3 lava snakes (D:10)
  9 komodo dragon simulacra (IceCv)
  A hound (D:5)
  4 jellies
  A centaur skeleton (D:6)
  15 orc priests
  4 iguanas
  19 orc wizards
  4 hell rats
  A polar bear simulacrum (Lair:3)
  A scorpion zombie (D:5)
  A killer bee zombie (D:8)
  A wolf simulacrum (Lair:3)
  A howler monkey zombie (D:4)
  3 gnolls (D:11)
  5 acid dragon simulacra (IceCv)
  9 adders
  A shadow imp (D:7)
  2 white imps (D:5)
  An ufetubus (D:6)
  3 steam dragon simulacra (IceCv)
  A worm (D:4)
  3 dart slugs
  89 orcs
  3 bats
  An endoplasm (shapeshifter) (D:13)
  6 endoplasms
  5 giant cockroaches
  13 goblins
  5 hobgoblins
  8 jackals
  5 quokkas
  10 ball pythons
  3 frilled lizards (D:2)
  15 kobolds
  7 rats
  A spectral orc (D:10)
769 creatures vanquished.

Vanquished Creatures (collateral kills)
  A jumping spider (Spider:2)
  Sigmund (D:6)
  2 redbacks (Spider:2)
  A scorpion (D:8)
  2 killer bees (D:11)
7 creatures vanquished.

Vanquished Creatures (others)
  3 hogs (D:12)
  A human (D:12)
  A water elemental (D:12)
  2 killer bees
  2 foxfires (Lair:3)
  91 fungi
  113 plants
  A withered plant (D:2)
214 creatures vanquished.

Grand Total: 990 creatures vanquished

Notes
Turn   | Place    | Note
-------+----------+-------------------------------------------
     0 | D:1      | rogsnak the Gnoll Hedge Wizard began the quest for the Orb.
     0 | D:1      | Reached XP level 1. HP: 13/13 MP: 8/8
   268 | D:1      | Reached XP level 2. HP: 19/19 MP: 8/10
   945 | D:2      | Reached XP level 3. HP: 18/25 MP: 6/11
  1045 | D:2      | Learned a level 2 spell: Blink
  1049 | D:2      | Learned a level 3 spell: Mephitic Cloud
  1166 | D:2      | Found a faded altar of an unknown god.
  1236 | D:2      | Reached skill level 1 in Invocations
  1512 | D:1      | Reached skill level 1 in Fighting
  1512 | D:1      | Reached skill level 1 in Short Blades
  1512 | D:1      | Reached skill level 1 in Long Blades
  1512 | D:1      | Reached skill level 1 in Axes
  1512 | D:1      | Reached skill level 1 in Maces & Flails
  1512 | D:1      | Reached skill level 1 in Polearms
  1512 | D:1      | Reached skill level 1 in Staves
  1512 | D:1      | Reached skill level 1 in Slings
  1512 | D:1      | Reached skill level 1 in Bows
  1512 | D:1      | Reached skill level 1 in Crossbows
  1512 | D:1      | Reached skill level 1 in Throwing
  1512 | D:1      | Reached skill level 1 in Armour
  1512 | D:1      | Reached skill level 1 in Shields
  1512 | D:1      | Reached skill level 1 in Unarmed Combat
  1512 | D:1      | Reached skill level 1 in Evocations
  1520 | D:2      | Reached XP level 4. HP: 32/32 MP: 5/13
  3081 | D:3      | Reached skill level 1 in Hexes
  3081 | D:3      | Reached skill level 1 in Necromancy
  3081 | D:3      | Reached skill level 1 in Transmutations
  3081 | D:3      | Reached skill level 1 in Fire Magic
  3081 | D:3      | Reached skill level 1 in Ice Magic
  3081 | D:3      | Reached skill level 1 in Air Magic
  3081 | D:3      | Reached skill level 1 in Earth Magic
  3081 | D:3      | Reached skill level 1 in Poison Magic
  3543 | D:3      | Reached XP level 5. HP: 37/37 MP: 3/14
  3929 | D:3      | Found a sparkling altar of Nemelex Xobeh.
  4952 | D:4      | Reached XP level 6. HP: 44/44 MP: 13/16
  4997 | D:4      | Reached skill level 5 in Dodging
  5563 | D:4      | Found a glowing golden altar of the Shining One.
  5663 | D:4      | Found Weabiod's Assorted Antiques.
  5716 | D:5      | Entered Level 5 of the Dungeon
  5953 | D:5      | Found a hazy altar of Hepliaklqana.
  6170 | D:5      | Noticed a necrophage
  6344 | D:5      | Reached XP level 7. HP: 44/50 MP: 9/18
  6797 | D:5      | Reached skill level 5 in Stealth
  7232 | D:5      | Reached XP level 8. HP: 47/57 MP: 8/19
  7780 | D:6      | Noticed Sigmund
  7803 | D:6      | Identified the +1 robe "Wohoel" {rN+ Str+4}
  7815 | D:6      | Killed Sigmund
  7938 | D:6      | Found a staircase to the Ecumenical Temple.
  7947 | Temple   | Entered the Ecumenical Temple
  7959 | Temple   | Became a worshipper of Warmaster Okawaru
  8041 | D:6      | Found a hide-covered altar of Uskayaw.
  8102 | D:6      | Reached skill level 5 in Bows
  8497 | D:6      | Found Avvemy's Antique Weapon Shoppe.
  8500 | D:6      | Bought a scorched hand crossbow for 204 gold pieces
  8500 | D:6      | Identified the +8 hand crossbow "Vuoth" {penet, rC++ rN+
                  | Will+ Int-5} (You bought it in a shop on level 6 of the
                  | Dungeon)
  8527 | D:6      | Noticed Dowan
  8575 | D:6      | Killed Dowan
  8616 | D:6      | Noticed Duvessa
  8639 | D:6      | Killed Duvessa
  8640 | D:6      | Reached XP level 9. HP: 59/65 MP: 11/21
  8800 | D:6      | Reached * piety under Okawaru
  8870 | D:6      | Found Cenienef's Hydra Hut.
  8873 | D:6      | Noticed a seven-headed hydra
  9273 | D:7      | Found a flagged portal.
  9278 | Bailey   | Entered a bailey
 10004 | Bailey   | Reached skill level 5 in Invocations
 10122 | Bailey   | Reached ** piety under Okawaru
 10375 | Bailey   | Reached XP level 10. HP: 73/73 MP: 18/22
 10694 | Bailey   | Reached skill level 5 in Fighting
 10694 | Bailey   | Reached skill level 5 in Short Blades
 10694 | Bailey   | Reached skill level 5 in Long Blades
 10694 | Bailey   | Reached skill level 5 in Axes
 10694 | Bailey   | Reached skill level 5 in Maces & Flails
 10694 | Bailey   | Reached skill level 5 in Polearms
 10694 | Bailey   | Reached skill level 5 in Staves
 10694 | Bailey   | Reached skill level 5 in Slings
 10694 | Bailey   | Reached skill level 5 in Crossbows
 10694 | Bailey   | Reached skill level 5 in Throwing
 10694 | Bailey   | Reached skill level 5 in Armour
 10694 | Bailey   | Reached skill level 5 in Shields
 10694 | Bailey   | Reached skill level 5 in Unarmed Combat
 10694 | Bailey   | Reached skill level 5 in Evocations
 11039 | Bailey   | Acquired a +3 longbow of flaming
 11897 | D:7      | Reached *** piety under Okawaru
 12607 | D:8      | Reached skill level 5 in Conjurations
 12607 | D:8      | Reached skill level 5 in Summonings
 12607 | D:8      | Reached skill level 5 in Translocations
 13001 | D:8      | Found a staircase to the Lair.
 13465 | D:8      | Reached **** piety under Okawaru
 13637 | D:8      | Received a gift from Okawaru
 13987 | D:8      | Noticed a two-headed ogre
 14001 | D:8      | Killed a two-headed ogre
 14001 | D:8      | Reached ***** piety under Okawaru
 14002 | D:8      | Reached XP level 11. HP: 62/83 MP: 12/24
 14817 | D:9      | Identified the +11 arbalest "Xuopsed" {vorpal, rF+ Will+
                  | MP+9 Dex+4} (Okawaru gifted it to you on level 9 of the
                  | Dungeon)
 14817 | D:9      | Received a gift from Okawaru
 14818 | D:9      | Reached skill level 5 in Hexes
 14818 | D:9      | Reached skill level 5 in Necromancy
 14818 | D:9      | Reached skill level 5 in Transmutations
 14818 | D:9      | Reached skill level 5 in Fire Magic
 14818 | D:9      | Reached skill level 5 in Ice Magic
 14818 | D:9      | Reached skill level 5 in Air Magic
 14818 | D:9      | Reached skill level 5 in Earth Magic
 14818 | D:9      | Reached skill level 5 in Poison Magic
 15095 | D:9      | Noticed a red ugly thing
 15141 | D:9      | Killed a red ugly thing
 16648 | D:10     | Entered Level 10 of the Dungeon
 16753 | D:10     | Found an opulent altar of Gozag.
 16954 | D:10     | Received a gift from Okawaru
 17087 | D:10     | Noticed a boulder beetle
 17259 | D:10     | Found a basalt altar of Yredelemnul.
 17324 | D:10     | Noticed a death knight
 17347 | D:10     | Killed a death knight
 17347 | D:10     | Received a gift from Okawaru
 17364 | D:10     | Killed a boulder beetle
 17938 | D:11     | Identified the +8 great mace "Modd" {freeze, rElec rF++
                  | Will+}
 18051 | D:11     | Noticed Sonja
 18055 | D:11     | Killed Sonja
 18056 | D:11     | Reached XP level 12. HP: 91/94 MP: 9/25
 18094 | D:11     | Reached skill level 10 in Spellcasting
 18644 | D:11     | Received a gift from Okawaru
 18648 | D:11     | Paralysed by a hornet for 3 turns
 19155 | D:11     | Learned a level 4 spell: Cause Fear
 19325 | D:12     | Noticed Nergalle
 19342 | D:12     | Killed Nergalle
 19369 | D:12     | Found a staircase to the Orcish Mines.
 19464 | D:12     | Noticed Fannar
 19479 | D:12     | Reached skill level 10 in Bows
 19481 | D:12     | Noticed Kirke
 19509 | D:12     | Killed Kirke
 20092 | D:12     | Killed Fannar
 20453 | D:13     | Noticed a two-headed ogre
 20463 | D:13     | Killed a two-headed ogre
 20471 | D:13     | Noticed a vault guard
 20475 | D:13     | Noticed a centaur warrior
 20476 | D:13     | Received a gift from Okawaru
 20521 | D:12     | Killed a vault guard
 20521 | D:12     | Received a gift from Okawaru
 20840 | D:13     | Learned a level 5 spell: Fireball
 20870 | D:13     | Noticed Erolcha
 20971 | D:13     | Killed Erolcha
 20979 | D:13     | Reached ****** piety under Okawaru
 21142 | D:13     | Noticed a vault guard
 21169 | D:13     | Killed a vault guard
 21169 | D:13     | Received a gift from Okawaru
 21626 | D:13     | Noticed a centaur warrior
 21634 | D:13     | Found a gate to the Vaults.
 21731 | D:13     | Killed a centaur warrior
 21732 | D:13     | Reached XP level 13. HP: 98/103 MP: 20/27
 21751 | D:13     | Noticed an emperor scorpion
 21756 | D:13     | Noticed a black draconian
 21756 | D:13     | an emperor scorpion changed into a black draconian
 21766 | D:13     | Noticed a dire elephant
 21766 | D:13     | a black draconian changed into a dire elephant
 21776 | D:13     | Noticed a vault guard
 21780 | D:13     | Killed a dire elephant
 21781 | D:13     | Reached skill level 10 in Fighting
 21781 | D:13     | Reached skill level 10 in Shields
 21865 | D:12     | Killed a vault guard
 21865 | D:12     | Received a gift from Okawaru
 22170 | D:13     | Noticed a vault guard
 22195 | D:13     | Killed a vault guard
 23205 | Orc:1    | Entered Level 1 of the Orcish Mines
 23348 | Orc:2    | Entered Level 2 of the Orcish Mines
 23537 | Lair:1   | Entered Level 1 of the Lair of Beasts
 25498 | Lair:2   | Received a gift from Okawaru
 26385 | Lair:3   | Reached XP level 14. HP: 76/113 MP: 27/29
 26399 | Lair:3   | Found a frozen archway.
 26517 | IceCv    | Entered an ice cave
 26869 | IceCv    | Reached skill level 10 in Dodging
 27292 | IceCv    | Noticed a white draconian
 27501 | IceCv    | Killed a white draconian
 27856 | Lair:3   | Found a staircase to the Swamp.
 28490 | Lair:3   | Found a hole to the Spider Nest.
 28647 | Lair:3   | Identified the +8 lajatang of Breach {elec, rC+ Str+3}
 29056 | Lair:4   | Reached skill level 10 in Stealth
 29577 | Lair:4   | Found a transporter.
 29580 | Lair:4   | Found a transporter.
 29581 | Lair:4   | Found a bloodstained altar of Trog.
 29581 | Lair:4   | Noticed Fiha's ghost (journeyman VSTm)
 29828 | Lair:4   | Received a gift from Okawaru
 29829 | Lair:4   | Reached skill level 10 in Invocations
 30901 | Lair:5   | Acquired a +2 pair of gloves of strength
 30945 | Lair:5   | Received a gift from Okawaru
 31684 | Lair:5   | Found a staircase to the Slime Pits.
 32322 | Lair:6   | Entered Level 6 of the Lair of Beasts
 32373 | Lair:6   | Received a gift from Okawaru
 33168 | Lair:6   | Reached XP level 15. HP: 122/122 MP: 8/30
 34338 | Lair:6   | Received a gift from Okawaru
 34602 | Lair:6   | Reached skill level 10 in Short Blades
 34602 | Lair:6   | Reached skill level 10 in Long Blades
 34602 | Lair:6   | Reached skill level 10 in Axes
 34602 | Lair:6   | Reached skill level 10 in Maces & Flails
 34602 | Lair:6   | Reached skill level 10 in Polearms
 34602 | Lair:6   | Reached skill level 10 in Staves
 34602 | Lair:6   | Reached skill level 10 in Slings
 34602 | Lair:6   | Reached skill level 10 in Crossbows
 34602 | Lair:6   | Reached skill level 10 in Throwing
 34602 | Lair:6   | Reached skill level 10 in Armour
 34602 | Lair:6   | Reached skill level 10 in Unarmed Combat
 34602 | Lair:6   | Reached skill level 10 in Evocations
 36322 | Orc:2    | Found a staircase to the Elven Halls.
 36561 | Orc:1    | Found Enoheok's Jewellery Boutique.
 37699 | Orc:2    | Identified the +4 bardiche "Irebiarrix" {flame, +Blink}
                  | (Okawaru gifted it to you on level 2 of the Orcish Mines)
 37699 | Orc:2    | Received a gift from Okawaru
 38285 | Orc:2    | Noticed an orc warlord
 38866 | Orc:2    | Killed an orc warlord
 39233 | Orc:2    | Found Jasutu's General Store.
 39234 | Orc:2    | Found Fuplafeg's Book Boutique.
 39236 | Orc:2    | Found Nudoazug's Antique Armour Shop.
 39236 | Orc:2    | Found Orhamuqini's Antique Weapon Shop.
 39401 | Orc:1    | Bought a ring of poison resistance for 260 gold pieces
 39402 | Orc:1    | Gained mutation: You are dopey. (Int -2) [potion of
                  | mutation]
 39402 | Orc:1    | Gained mutation: You are partially covered in iridescent
                  | scales. (AC +2) [potion of mutation]
 39573 | Spider:1 | Entered Level 1 of the Spider Nest
 39573 | Spider:1 | Noticed a ghost moth
 39583 | Lair:3   | Killed a ghost moth
 39583 | Lair:3   | Received a gift from Okawaru
 40065 | Spider:1 | Noticed a ghost moth
 40127 | Lair:3   | Killed a ghost moth
 40128 | Lair:3   | Reached XP level 16. HP: 103/131 MP: 0/32
 40477 | Spider:1 | Received a gift from Okawaru
 41269 | Spider:1 | Acquired the amulet of Zelytz {Reflect Int+5 SH+5 Stlth+}
 41622 | Spider:2 | Noticed Azrael
 42513 | Spider:2 | Received a gift from Okawaru
 43555 | Spider:2 | You fall into a shaft and drop 1 floor!
 43923 | Spider:3 | Noticed Arachne
 43924 | Spider:3 | HP: 8/199 [Arachne (7)]
 43925 | Spider:3 | Slain by Arachne

Illustrated notes

Levels and vault maps discovered:
D:1:      eino_arrival_cavern_b, layout_rooms
D:2:      kennysheep_the_goblin_king, layout_basic,
          ebering_ecumenical_altar_petrified
D:3:      layout_loops_corners, nemelex_dance_club_becter,
          minmay_shallow_snake_nest
D:4:      layout_gridville, tso_oasis_becter, serial_forest,
          infiniplex_forest_clump_C, infiniplex_forest_end_2,
          infiniplex_forest_clump_curved, infiniplex_forest_corner_1,
          infiniplex_forest_straight_3, infiniplex_forest_lined_ring,
          serial_shops, nicolae_shop_waterfront
D:5:      layout_rooms, mainiacjoe_overflow_brackets,
          kennysheep_opposing_triangles
D:6:      layout_basic, nicolae_uskayaw_dance_hall,
          minmay_temple_entry_antechambers, serial_shops, shop,
          doesnt_shop_hydraphobe, uniq_maggie, uniq_duvessa, uniq_sigmund
D:7:      layout_layer_cave, enter_bailey_3
D:8:      layout_basic, due_lair_maze_entry_diamond
D:9:      layout_loops_corners
D:10:     kennysheep_big_flooded_room, layout_basic,
          yredelemnul_forgotten_temple_becter, grunt_gozag_statues
D:11:     layout_rooms, dk_noncrumbling_2, hangedman_decor_lopped, uniq_sonja
D:12:     layout_long_grid, david_orc_2, amcnicky_mini_rare_corridor_liquid,
          lemuel_freeze_loot_1, uniq_fannar, uniq_kirke, uniq_nergalle
D:13:     layout_roguey, lightli_vaults_fourway_checkpoint, uniq_erolcha
D:14:     layout_irregular_city, serial_bayou_pond_c, ice2_lemuel
Temple:   nicolae_temple_x_marks_the_god
Lair:1:   layout_chaotic_city
Lair:2:   layout_gridlike, small_statue_intersection, minmay_holes,
          lemuel_fruit_tree, minmay_lair_oklob_chamber
Lair:3:   layout_small_grid, minmay_swamp_entry_wisps, dummy_spider_entry,
          portal_ice_cave_entry_ice_simulacra, lemuel_fruit_fields
Lair:4:   layout_roguey, gammafunk_ghost_wrathful_warriors
Lair:5:   layout_cave_pods, minmay_slime_entry_pillars
Lair:6:   evilmike_catoblepas_cave, layout_cave_shapes, hibernation_bobbens
Spider:1: layout_spider_delve
Spider:2: layout_spider_delve, special_room [special_room_bee], drop_trap,
          nicolae_spider_wall_of_niches, uniq_azrael
Spider:3: layout_spider_delve, uniq_nikola, uniq_arachne
Orc:1:    layout_caves, serial_shops, nicolae_shop_crystal, basic_altar
Orc:2:    st_orc_congregation, layout_caves

Skill      XL: |  1  2  3  4  5  6  7  8  9 10 11 12 13 14 15 16 |
---------------+-------------------------------------------------+-----
Conjurations   | 2 3 4 5 6 7 8 9 |  9.6
Summonings     | 2 3 4 5 6 7 8 9 |  9.6
Translocations | 2 3 4 5 6 7 8 9 |  9.6
Invocations    | 1 2 3 4 5 6 7 8 9 10 11 | 11.8
Fighting       | 1 2 3 4 6 8 9 11 12 13 14 | 14.1
Short Blades   | 1 2 3 4 5 6 7 8 9 10 11 | 11.0
Long Blades    | 1 2 3 4 5 6 7 8 9 10 11 | 11.0
Axes           | 1 2 3 4 5 6 7 8 9 10 11 | 11.0
Maces & Flails | 1 2 3 4 5 6 7 8 9 10 11 | 11.0
Polearms       | 1 2 3 4 5 6 7 8 9 10 11 | 11.0
Staves         | 1 2 3 4 5 6 7 8 9 10 11 | 11.0
Slings         | 1 2 3 4 5 6 7 8 9 10 11 | 11.0
Bows           | 1 2 3 5 6 8 9 10 12 13 14 | 14.7
Crossbows      | 1 2 3 4 5 6 7 8 9 10 11 | 11.0
Throwing       | 1 2 3 4 5 6 7 8 9 10 11 | 11.0
Armour         | 1 2 3 4 5 6 7 8 9 10 11 | 11.0
Shields        | 1 2 3 4 6 8 9 11 12 13 14 | 14.1
Unarmed Combat | 1 2 3 4 5 6 7 8 9 10 11 | 11.0
Evocations     | 1 2 3 4 5 6 7 8 9 10 11 | 11.0
Hexes          | 1 2 3 4 5 6 7 8 9 |  9.3
Necromancy     | 1 2 3 4 5 6 7 8 9 |  9.3
Transmutations | 1 2 3 4 5 6 7 8 9 |  9.3
Fire Magic     | 1 2 3 4 5 6 7 8 9 |  9.3
Ice Magic      | 1 2 3 4 5 6 7 8 9 |  9.3
Air Magic      | 1 2 3 4 5 6 7 8 9 |  9.3
Earth Magic    | 1 2 3 4 5 6 7 8 9 |  9.3
Poison Magic   | 1 2 3 4 5 6 7 8 9 |  9.3
Dodging        | 5 6 7 8 9 10 11 | 11.8
Stealth        | 5 6 7 8 9 10 11 | 11.6
Spellcasting   | 8 9 10 11 12 | 12.8

Action                   |  1- 3 |  4- 6 |  7- 9 | 10-12 | 13-15 | 16-18 || total
-------------------------+-------+-------+-------+-------+-------+-------++-------
Melee: Mace              |    34 |       |       |       |       |       ||    34
       Spear             |       |    37 |       |     8 |       |       ||    45
       Dagger            |       |    76 |    44 |    66 |       |       ||   186
       Bite              |       |    11 |    13 |    43 |    80 |    24 ||   171
       Punch             |       |     1 |       |     7 |       |       ||     8
       Whip              |       |       |    88 |    25 |       |       ||   113
       Staff             |       |       |     5 |       |       |       ||     5
       Flail             |       |       |       |    45 |       |       ||    45
       Trident           |       |       |       |    85 |       |       ||    85
       Halberd           |       |       |       |     4 |       |       ||     4
       Hand axe          |       |       |       |    69 |       |       ||    69
       Long sword        |       |       |       |     4 |       |       ||     4
       Great mace        |       |       |       |   187 |   601 |    11 ||   799
       Lajatang          |       |       |       |       |   271 |   284 ||   555
 Fire: Hand crossbow     |       |       |     3 |    13 |     7 |       ||    23
       Longbow           |       |       |       |    87 |     8 |       ||    95
       Arbalest          |       |       |       |     7 |       |       ||     7
Throw: Stone             |       |     3 |       |       |       |       ||     3
 Cast: Magic Dart        |    63 |   199 |   199 |   260 |   259 |    49 ||  1029
       Mephitic Cloud    |       |     9 |    29 |    76 |   175 |    65 ||   354
       Blink             |       |     2 |     5 |    20 |    11 |       ||    38
       Fireball          |       |       |       |     1 |   129 |     5 ||   135
       Cause Fear        |       |       |       |       |     2 |     1 ||     3
Evoke: Wand              |       |       |    12 |     7 |     7 |       ||    26
  Use: Scroll            |       |       |       |    14 |    10 |     4 ||    28
       Potion            |       |       |       |     2 |     4 |       ||     6
 Stab: Sleeping          |     1 |     3 |       |       |     4 |     2 ||    10
       Confused          |       |     8 |    17 |    42 |    60 |    35 ||   162
       Paralysed         |       |       |     2 |       |       |       ||     2
       Distracted        |       |       |       |       |     1 |       ||     1
Armor: Robe              |     9 |    25 |     8 |       |       |       ||    42
       Leather armour    |       |       |    28 |    65 |       |       ||    93
       Quicksilver drago |       |       |       |   218 |   388 |   217 ||   823
Dodge: Dodged            |    38 |    95 |   118 |   366 |   481 |   258 ||  1356
       Rpst.: Long sword |       |       |       |     1 |       |       ||     1
